 Dungeon Crawl Stone Soup version 0.28-a0-983-g1de4e0787c (webtiles) character file.

Game seed: 18157673881988360101

36 GregHouse the Chopper (level 3, -8/33 HPs)
             Began as a Hill Orc Monk on Dec 3, 2021.
             Mangled by a worm (9 damage)
             ... on level 3 of the Dungeon.
             The game lasted 00:02:57 (1500 turns).

GregHouse the Chopper (Hill Orc Monk)               Turns: 1500, Time: 00:02:57

Health: -8/33      AC:  2    Str: 15    XL:     3   Next: 37%
Magic:  3/3        EV:  9    Int: 10    God:
Gold:   22         SH:  7    Dex: 13    Spells: 2/2 levels left

rFire   . . .      SeeInvis .   a - +0 hand axe
rCold   . . .      Faith    .   d - +0 kite shield
rNeg    . . .      Spirit   .   b - +0 robe
rPois   .          Reflect  .   (no helmet)
rElec   .          Harm     .   (no cloak)
rCorr   .          Rampage  .   (no gloves)
Will    .....                   (no boots)
Stlth   ++........              (no amulet)
HPRegen 0.11/turn               (no ring)
MPRegen 0.08/turn               (no ring)

@: no status effects
A: no striking features
a: no special abilities


You were on level 3 of the Dungeon.
You visited 1 branch of the dungeon, and saw 3 of its levels.

You collected 22 gold pieces.

Inventory:

Hand Weapons
 a - a +0 hand axe (weapon)
Armour
 b - a +0 robe (worn)
 d - a +0 kite shield (worn)
Magical Staves
 g - a staff of conjuration
Jewellery
 c - a ring of wizardry
Scrolls
 f - a scroll of identify {unknown}
Potions
 e - a potion of curing {unknown}


   Skills:
 + Level 3.9 Fighting
 + Level 4.6 Axes
 + Level 3.0 Dodging
 + Level 1.6 Stealth


You had 2 spell levels left.
You didn't know any spells.
Your spell library was empty.

Dungeon Overview and Level Annotations

Branches:
Dungeon (3/15)

Altars:


Message History

You hit the adder.
You kill the adder!
You feel sick.
You are no longer poisoned.
Your Dodging skill increases to level 3!
You start resting.
HP restored.
You now have 22 gold pieces (gained 8).
There is a stone staircase leading down here.
You climb downwards.
There is a stone staircase leading up here.
You barely miss the worm. The worm barely misses you.
Your shield prevents you from hitting the worm.
The worm bites you!
You hit the worm but do no damage. You barely miss the worm.
The worm misses you.
You hit the worm.
The worm is lightly wounded.
The worm bites you.
You hit the worm.
The worm is lightly wounded.
The worm bites you.
You hit the worm.
The worm is moderately wounded.
The worm bites you!
* * * LOW HITPOINT WARNING * * *
You hit the worm.
The worm is moderately wounded.
The worm bites you.
* * * LOW HITPOINT WARNING * * *
You hit the worm.
The worm is moderately wounded.
The worm bites you.
* * * LOW HITPOINT WARNING * * *
You hit the worm.
The worm is heavily wounded.
You hit the worm but do no damage.
The worm is heavily wounded.
The worm bites you!
You die...

#..#
##..#
....#
...# #..#
#..#
..####..#
.......@#
##.####w#
..# ...#
#....
#....
###..
##..


You could see a worm.

Vanquished Creatures
  An adder (D:2)
  4 ball pythons
  2 bats (D:1)
  3 endoplasms (D:1)
  3 goblins (D:1)
  3 hobgoblins (D:1)
  A frilled lizard (D:1)
  5 kobolds
  2 rats (D:1)
24 creatures vanquished.

Notes
Turn   | Place    | Note
-------+----------+-------------------------------------------
     0 | D:1      | GregHouse the Hill Orc Monk began the quest for the Orb.
     0 | D:1      | Reached XP level 1. HP: 19/19 MP: 1/1
   181 | D:1      | Reached XP level 2. HP: 18/27 MP: 2/2
   862 | D:1      | Reached XP level 3. HP: 31/33 MP: 3/3
  1498 | D:3      | HP: 1/33 [worm (2)]
  1500 | D:3      | Mangled by a worm

Illustrated notes

Levels and vault maps discovered:
D:1:      minmay_arrival_three_doors, layout_loops_ring,
          minmay_misc_feat_more_columns
D:2:      layout_rooms, shapermc_ecumenical_altar_hornbeckon
D:3:      wad_lake_hut, layout_rooms, minmay_misc_feat_room, hex_intersection,
          item_on_display_a, uniq_terence, uniq_natasha, uniq_jessica

Skill      XL: |  1  2  3 |
---------------+----------+-----
Dodging        | 3 |  3.0
Fighting       | |  3.9
Axes           | |  4.6
Stealth        | |  1.6

Action                   || total
-------------------------++-------
Melee: Hand axe          ||    76
 Stab: Sleeping          ||     3
       Distracted        ||     1
Armor: Robe              ||    12
Dodge: Dodged            ||    51
Block: Kite shield       ||     8

Table legend: (Time is in decaauts)
 A = Elapsed time spent in this place.
 B = Non-inter-level travel time spent in this place.
 C = Inter-level travel time spent in this place.
 D = Time resting spent in this place.
 E = Time spent auto-exploring this place.
 F = Levels seen in this place.
 G = Mean time per level.
                   A        B        C        D        E       F      G
               +--------+--------+--------+--------+--------+-----+--------+
         Total |   1519 |   1467 |     52 |    289 |    825 |   3 |  506.3 |
       Dungeon |   1519 |   1467 |     52 |    289 |    825 |   3 |  506.3 |
               +--------+--------+--------+--------+--------+-----+--------+

Top non-repeatable levels by time:
     D:1: 1278 daAuts
     D:2: 217 daAuts
     D:3: 23 daAuts
